 Dungeon Crawl Stone Soup version 0.18.1-50-g88ac8fd (webtiles) character file.

363 Peloso the Skirmisher (level 6, 0/53 HPs)
             Began as a Ghoul Fighter on Oct 28, 2016.
             Killed by divine providence
             ... invoked by an orc priest
              (13 damage)
             ... on level 5 of the Dungeon.
             The game lasted 00:07:54 (3156 turns).

Peloso the Skirmisher (Ghoul Fighter)               Turns: 3156, Time: 00:07:54

Health: 0/53       AC: 10    Str: 20    XL:     6   Next: 67%
Magic:  5/5        EV:  8    Int:  3    God:
Gold:   170        SH:  9    Dex: 10    Spells: 0 memorised, 5 levels left

rFire  . . .     SeeInvis .     a - +0 long sword
rCold  + . .     Gourm    .     b - +0 scale mail
rNeg   + + +     Faith    .     c - +0 shield
rPois  ∞         Spirit   .     (no helmet)
rElec  .         Dismiss  .     (no cloak)
rCorr  +         Reflect  .     g - +2 pair of gloves
SustAt .         Harm     .     (no boots)
MR     +....                    (no amulet)
Stlth  ..........               u - ring of protection from magic
                                o - ring of resist corrosion

@: rotting, somewhat resistant to hostile enchantments, extremely unstealthy
A: rotting body, claws 1, carnivore 3, cold resistance 1, negative energy
resistance 3, slow regeneration 1, torment resistance, unbreathing
a: no special abilities


You were on level 5 of the Dungeon.
You were not hungry.

You visited 1 branch of the dungeon, and saw 5 of its levels.

You collected 170 gold pieces.

Inventory:

Hand Weapons
 a - a +0 long sword (weapon)
Armour
 b - a +0 scale mail (worn)
 c - a +0 shield (worn)
 g - a +2 pair of gloves (worn)
Jewellery
 i - an uncursed ring of magical power
 o - a ring of resist corrosion (left hand)
 u - a ring of protection from magic (right hand)
Wands
 k - a wand of digging (1/24)
Scrolls
 e - 2 scrolls of identify {unknown}
 l - a scroll of teleportation {unknown}
 n - a scroll of fear {unknown}
 p - a scroll of immolation {unknown}
 s - a scroll of remove curse {unknown}
Potions
 d - 2 potions of might
 h - a potion of haste {unknown}
 m - 2 potions of curing {unknown}
 q - a potion of heal wounds {unknown}
 t - 2 potions of degeneration {unknown}
Comestibles
 f - 3 meat rations
 j - 2 beef jerkies
 r - 3 chunks of flesh


   Skills:
 + Level 4.4 Fighting
 + Level 2.6 Long Blades
 + Level 3.7 Armour
 + Level 2.5 Dodging
 + Level 4.1 Shields


You had 5 spell levels left.
You didn't know any spells.

Dungeon Overview and Level Annotations

Branches:
Dungeon (4/15)
 Temple: D:4-7

Altars:
Pakellas
Ru
Trog

Shops:
D:4 =

Annotations:
D:3 Timinator's ghost, amateur GrCj


Innate Abilities, Weirdness & Mutations

Your body is rotting away.
You thrive on raw meat.
You are immune to poison.
You have sharp fingernails.
You are carnivorous and can eat meat at any time.
Your flesh is cold resistant.
You are immune to negative energy.
You regenerate slowly when monsters are visible.
You are immune to unholy pain and torment.
You can survive without breathing.


Message History

You continue eating. x2
Eat one of 4 chunks of flesh? (ye/n/q/i?) This raw flesh tastes great!
You continue eating. x2
The orc priest invokes the aid of Beogh against you.
You resist with some effort.
The orc priest calls down the wrath of Beogh upon you.
Beogh smites you!
* * * LOW HITPOINT WARNING * * *
You block the orc priest's attack.
You hear a shout! x2
You slash the orc priest!
The orc priest is heavily wounded.
You block the orc priest's attack. The orc priest barely misses you.
You hit the orc priest.
The orc priest is severely wounded.
You block the orc priest's attack.
The orc priest mumbles some strange prayers to Beogh against you.
Beogh smites you!
You die...

...#....../.......#
..#..>o........>.#
..#.$....o.......#
#..#..............#
#.................
#.####o.#####.....
#.##....# #......
#.##.#######......
#@##.# #......##
#o#..+ #.#...##
#.o..# #....##
#....#####...#####
##.................
#................##
#..............###
..#...........##
###.##........#######


You could see 2 orc priests.

Vanquished Creatures
  A scorpion (D:5)
  A howler monkey (D:4)
  A giant frog skeleton (D:4)
  A centaur skeleton (D:4)
  Terence (D:3)
  A hound skeleton (D:5)
  3 gnolls
  7 adders
  An ooze (D:2)
  2 worms
  A dart slug (D:2)
  A giant gecko (D:3)
  3 orcs
  6 bats
  3 giant cockroaches (D:3)
  14 goblins
  7 hobgoblins
  7 jackals
  5 kobolds
  4 giant newts
  A jackal skeleton (D:4)
  4 rats
75 creatures vanquished.

Notes
Turn   | Place    | Note
--------------------------------------------------------------
     0 | D:1      | Peloso the Ghoul Fighter began the quest for the Orb.
     0 | D:1      | Reached XP level 1. HP: 19/19 MP: 0/0
   312 | D:1      | Reached XP level 2. HP: 17/26 MP: 1/1
   846 | D:1      | Reached XP level 3. HP: 18/33 MP: 2/2
   959 | D:2      | Reached skill level 1 in Dodging
  1031 | D:2      | Reached XP level 4. HP: 27/40 MP: 3/3
  1223 | D:2      | Found an oddly glowing altar of Pakellas.
  1504 | D:2      | Reached XP level 5. HP: 45/45 MP: 4/4
  1703 | D:3      | Noticed Timinator's ghost (amateur GrCj)
  1841 | D:3      | Noticed Terence
  1849 | D:3      | Killed Terence
  2584 | D:3      | Found a sacrificial altar of Ru.
  2941 | D:4      | Reached XP level 6. HP: 52/52 MP: 5/5
  2976 | D:4      | Found a bloodstained altar of Trog.
  3077 | D:4      | Found Lowerche's Jewellery Shoppe.
  3080 | D:4      | You fall through a shaft!
  3080 | D:5      | Entered Level 5 of the Dungeon
  3156 | D:5      | Killed from afar by an orc priest

Skill      XL: |  1  2  3  4  5  6 |
---------------+-------------------+-----
Shields        | 3 4 |  4.1
Armour         | 3 |  3.7
Dodging        | 1 2 |  2.5
Long Blades    | 2 |  2.6
Fighting       | 4 |  4.4

Action                   |  1- 3 |  4- 6 || total
-------------------------+-------+-------++-------
Melee: Long sword        |   104 |   226 ||   330
  Eat: Chunk             |     8 |     9 ||    17
Armor: Scale mail        |    59 |   123 ||   182
Dodge: Dodged            |    51 |    81 ||   132
Block: Shield            |    65 |   142 ||   207
